 Dungeon Crawl Stone Soup version 0.27.1-1-g398f81649c (webtiles) character file.

Game seed: 1355754314105527328

4564 MisterFreud the Blocker (level 10, -5/82 HPs)
             Began as a Gnoll Fighter on Sept 16, 2021.
             Was an Elder of Zin.
             Slain by an ice devil (21 damage)
             ... on level 9 of the Dungeon.
             The game lasted 00:18:47 (9831 turns).

MisterFreud the Blocker (Gnoll Fighter)             Turns: 9831, Time: 00:18:48

Health: -5/82      AC: 13    Str: 16    XL:     10   Next: 40%
Magic:  17/17      EV: 12    Int: 10    God:    Zin [****..]
Gold:   147        SH: 12    Dex: 18    Spells: 19/19 levels left

rFire    . . .     SeeInvis +   J - +2 short sword (elec)
rCold    . . .     Faith    .   c - +1 kite shield
rNeg     . . .     Spirit   .   K - +0 swamp dragon scales
rPois    +         Reflect  .   g - +0 helmet {SInv}
rElec    .         Harm     .   w - +0 cloak {Stlth+}
rCorr    .         Rampage  .   (no gloves)
Will     .....                  u - +0 pair of boots
Stlth    ++++......             (no amulet)
HPRegen  0.23/turn              r - +6 ring of dexterity
MPRegen  0.15/turn              (no ring)

@: on recite cooldown, hasted, very quick
A: fangs 1, strong nose, distributed training
a: Renounce Religion, Recite, Vitalisation, Imprison, Donate Gold


You were on level 9 of the Dungeon.
You worshipped Zin.
Zin was greatly pleased with you.
You visited 1 branch of the dungeon, and saw 9 of its levels.

You collected 445 gold pieces.
You spent 256 gold pieces at shops.
You donated 42 gold pieces to Zin.

Inventory:

Hand Weapons
 a - a +0 rapier
 m - a +1 dagger of venom
 H - a +5 short sword
 J - a +2 short sword of electrocution (weapon)
 L - the +3 Elemental Staff {rElec rF++ rC++ Will++ AC+5}
   (You took it off a deep elf pyromancer on level 9 of the Dungeon)

   If the wielder is skilled in Evocations, they can discharge powerful blasts
   of elemental energy when striking with it.
   It enhances your fire, ice, earth and air magic.
   AC:        It affects your AC (+5).
   rF:        It greatly protects you from fire.
   rC:        It greatly protects you from cold.
   rElec:     It insulates you from electricity.
   Will:      It greatly increases your willpower.
Missiles
 b - 2 curare-tipped darts
 G - 2 atropa-tipped darts (quivered)
 I - 6 boomerangs
Armour
 c - a +1 kite shield (worn)
 g - a +0 helmet of see invisible (worn)
 u - a +0 pair of boots (worn)
 w - a +0 cloak of stealth (worn)
 K - +0 swamp dragon scales (worn)
Jewellery
 r - a +6 ring of dexterity (left hand)
Wands
 f - a wand of charming (2)
Scrolls
 i - 5 scrolls of enchant weapon
 j - 6 scrolls of teleportation
 k - 2 scrolls of vulnerability
 l - 4 scrolls of magic mapping
 o - 2 scrolls of enchant armour
 y - a scroll of brand weapon {unknown}
 z - a scroll of fear {unknown}
 A - 2 scrolls of immolation
 B - a scroll of fog {unknown}
 F - a scroll of amnesia {unknown}
Potions
 d - a potion of might
 e - a potion of flight
 h - a potion of attraction
 p - a potion of invisibility
 q - 7 potions of lignification {unknown}
 s - 3 potions of curing
 v - 2 potions of magic
 D - a potion of haste
 E - 3 potions of cancellation


   Skills:
 + Level 8.5 Fighting
 + Level 7.0 Short Blades
 + Level 5.2 Long Blades
 + Level 5.2 Axes
 + Level 5.2 Maces & Flails
 + Level 5.2 Polearms
 + Level 5.2 Staves
 + Level 5.2 Slings
 + Level 5.2 Bows
 + Level 5.2 Crossbows
 + Level 5.2 Throwing
 + Level 8.5 Armour
 + Level 5.2 Dodging
 + Level 5.2 Stealth
 + Level 8.5 Shields
 + Level 5.2 Unarmed Combat
 + Level 5.2 Spellcasting
 + Level 4.3 Conjurations
 + Level 4.3 Hexes
 + Level 4.3 Summonings
 + Level 4.3 Necromancy
 + Level 4.3 Translocations
 + Level 4.3 Transmutations
 + Level 4.3 Fire Magic
 + Level 4.3 Ice Magic
 + Level 4.3 Air Magic
 + Level 4.3 Earth Magic
 + Level 4.3 Poison Magic
 + Level 5.7 Invocations
 + Level 5.2 Evocations


You had 19 spell levels left.
You didn't know any spells.
Your spell library contained the following spells:

 Spells                   Type           Power      Damage    Failure   Level
 Freeze                   Ice            44%        1d6       16%         1
 Frozen Ramparts          Ice            22%        1d4       41%         3
 Inner Flame              Hex/Fire       11%        N/A       41%         3
 Ozocubu's Armour         Ice            11%        N/A       41%         3
 Cause Fear               Hex            5%         N/A       83%         4
 Hailstorm                Conj/Ice       11%        3d5       83%         4
 Metabolic Englaciation   Hex/Ice        5%         N/A       99%         5
 Simulacrum               Ice/Necr       5%         N/A       100%        6
 Discord                  Hex            5%         N/A       100%        8


Dungeon Overview and Level Annotations

Branches:
Dungeon (9/15)             Temple (0/1) D:5
   Lair: D:8-11         Orc: D:9-12

Altars:
Dithmenos
Qazlal
Uskayaw
Wu Jian
Zin

Shops:
D:1 **?[(

Annotations:
D:7 exclusions: 3 electric eels and 3 more exclusions


Innate Abilities, Weirdness & Mutations

You have very sharp teeth.
Your uncanny sense of smell can sniff out nearby items.
Your experience applies equally to all skills.


Message History

You bite the ice devil, but do no damage.
The ice devil is moderately wounded.
You block the ice devil's attack.
There is an open door here.
Okay, then.
Aiming: Corrosive Bolt
Press: ? - help, Shift-Dir - straight line, f - ice devil
Aim: an ice devil (moderately wounded, 74% to hit)
The bolt of acid hits the ice devil!
The ice devil is splashed with acid.
The acid corrodes the ice devil!
The ice devil is heavily wounded.
The now-empty wand crumbles to dust.
The ice devil hits you.
* * * LOW HITPOINT WARNING * * *
The ice devil freezes you!!
* * * LOW HITPOINT WARNING * * *
Unknown command.
Unknown command.
Unknown command.
Unknown command.
Unknown command.
Unknown command.
Unknown command.
Unknown command.
Okay, then.
Unknown command.
Unknown command.
Unknown command.
Press: ? - help, v - describe, . - travel
Here: an ice devil (heavily wounded, covered in acid)
An open door.
Unknown command.
Unknown command.
Unknown command.
Okay, then.
Unknown command.
You feel much better. You block the ice devil's attack.
You feel yourself speed up. The ice devil hits you!
* * * LOW HITPOINT WARNING * * *
The ice devil freezes you!!
You die...

..........'..# #.># ###...
..........#### ##.# #...
..........# ####'#########
#...
#........[####............#
#...
##..........##............#
####
○##.........##............#
####........'.............#
#..#'.......#.............#
....##......#..4@.........#
.....##...###......<......#
#....###### #.............#
'#..##.######.............#
.####§.§##................#
..##§§§§§#####..........))#
.####.§§### #..........).#
'# #§#### ##############
#....#####


You could see an ice devil (corroded).

Vanquished Creatures
  A two-headed ogre (D:8)
  A deep elf pyromancer (D:9)
  Maurice (D:8)
  Maggie (D:8)
  Grinder (D:5)
  Sigmund (D:5)
  A shadow (D:9)
  A vampire (D:9)
  Eustachio (D:6)
  A steam dragon (D:9)
  An orc warrior (D:7)
  A water moccasin (D:9)
  3 black bears
  A necrophage (D:5)
  2 ogres
  Blork the orc (D:5)
  A bullfrog (D:6)
  2 kobold brigands (D:9)
  4 wights (D:7)
  A howler monkey (D:4)
  2 hounds (D:5)
  2 jellies
  4 orc priests
  A centaur skeleton (D:6)
  A bullfrog skeleton (D:5)
  4 iguanas
  4 orc wizards
  A killer bee zombie (D:7)
  A hound zombie (D:5)
  A howler monkey zombie (D:6)
  3 gnolls (D:6)
  7 adders
  3 worms
  2 dart slugs
  17 orcs
  5 ball pythons (D:1)
  3 endoplasms
  5 giant cockroaches
  6 hobgoblins
  2 jackals (D:1)
  19 kobolds
  2 quokkas
  2 bats
  2 frilled lizards
  5 goblins
  8 rats
139 creatures vanquished.

Vanquished Creatures (others)
  A white imp (D:7)
  A hobgoblin (D:3)
  2 fungi (D:8)
  A plant (D:7)
5 creatures vanquished.

Grand Total: 144 creatures vanquished

Notes
Turn   | Place    | Note
-------+----------+-------------------------------------------
     0 | D:1      | MisterFreud the Gnoll Fighter began the quest for the Orb.
     0 | D:1      | Reached XP level 1. HP: 23/23 MP: 1/1
     3 | D:1      | Found Vaxoib Amet's Magic Scroll Shop.
    48 | D:1      | Reached XP level 2. HP: 19/29 MP: 2/2
   250 | D:1      | Found Zevok's Assorted Antiques.
   268 | D:1      | Bought a sapphire potion for 20 gold pieces
   306 | D:1      | Found Atafyiwoth's Assorted Antiques.
   436 | D:1      | Found Lukkodu's Armour Shop.
   611 | D:1      | Found Secu's Weapon Emporium.
   727 | D:1      | Found a faded altar of an unknown god.
   753 | D:1      | Became a worshipper of Zin the Law-Giver
   753 | D:1      | Reached * piety under Zin
   830 | D:2      | Reached XP level 3. HP: 31/35 MP: 3/3
   909 | D:2      | Reached ** piety under Zin
  1087 | D:2      | Reached skill level 1 in Invocations
  1258 | D:2      | Reached skill level 1 in Long Blades
  1258 | D:2      | Reached skill level 1 in Axes
  1258 | D:2      | Reached skill level 1 in Maces & Flails
  1258 | D:2      | Reached skill level 1 in Polearms
  1258 | D:2      | Reached skill level 1 in Staves
  1258 | D:2      | Reached skill level 1 in Slings
  1258 | D:2      | Reached skill level 1 in Bows
  1258 | D:2      | Reached skill level 1 in Crossbows
  1258 | D:2      | Reached skill level 1 in Throwing
  1258 | D:2      | Reached skill level 1 in Dodging
  1258 | D:2      | Reached skill level 1 in Stealth
  1258 | D:2      | Reached skill level 1 in Unarmed Combat
  1258 | D:2      | Reached skill level 1 in Spellcasting
  1258 | D:2      | Reached skill level 1 in Evocations
  1308 | D:2      | Found a hide-covered altar of Uskayaw.
  1494 | D:3      | Reached XP level 4. HP: 41/41 MP: 5/5
  1770 | D:3      | Reached skill level 1 in Conjurations
  1770 | D:3      | Reached skill level 1 in Hexes
  1770 | D:3      | Reached skill level 1 in Summonings
  1770 | D:3      | Reached skill level 1 in Necromancy
  1770 | D:3      | Reached skill level 1 in Translocations
  1770 | D:3      | Reached skill level 1 in Transmutations
  1770 | D:3      | Reached skill level 1 in Fire Magic
  1770 | D:3      | Reached skill level 1 in Ice Magic
  1770 | D:3      | Reached skill level 1 in Air Magic
  1770 | D:3      | Reached skill level 1 in Earth Magic
  1770 | D:3      | Reached skill level 1 in Poison Magic
  1825 | D:3      | Reached XP level 5. HP: 44/47 MP: 5/7
  1927 | D:3      | Found a stormy altar of Qazlal.
  2686 | D:4      | Noticed an ogre
  3157 | D:4      | Reached XP level 6. HP: 49/53 MP: 8/8
  3358 | D:4      | Reached skill level 5 in Short Blades
  3531 | D:4      | Reached *** piety under Zin
  3670 | D:5      | Entered Level 5 of the Dungeon
  3672 | D:5      | Noticed Grinder
  3681 | D:5      | Noticed a black bear
  3691 | D:4      | Killed a black bear
  3692 | D:4      | Reached XP level 7. HP: 54/59 MP: 10/10
  3735 | D:5      | Noticed Sigmund
  3747 | D:5      | Found a shadowy altar of Dithmenos.
  3749 | D:5      | Killed Sigmund
  3869 | D:5      | Paralysed by Grinder for 5 turns
  3886 | D:5      | Killed Grinder
  3972 | D:1      | Bought 2 silvery potions for 41 gold pieces
  3972 | D:1      | Bought a scroll labelled YCOULO POIGEECS for 23 gold pieces
  3972 | D:1      | Bought 2 scrolls labelled RUOF VANEL LUBB for 46 gold
                  | pieces
  3995 | D:1      | Bought 2 puce potions for 48 gold pieces
  3995 | D:1      | Bought a scroll labelled KUORGHO TUCHEON for 27 gold pieces
  3995 | D:1      | Bought a dark potion for 24 gold pieces
  4172 | D:5      | Noticed Blork the orc
  4199 | D:5      | Killed Blork the orc
  4200 | D:5      | Reached XP level 8. HP: 15/67 MP: 12/12
  4612 | D:5      | Found a staircase to the Ecumenical Temple.
  5067 | D:6      | Reached **** piety under Zin
  5445 | D:6      | Noticed Eustachio
  5490 | D:6      | Killed Eustachio
  5936 | D:7      | Reached XP level 9. HP: 70/72 MP: 14/14
  7590 | D:8      | Noticed Maggie
  7605 | D:8      | Killed Maggie
  7809 | D:8      | Noticed Maurice
  7821 | D:8      | Killed Maurice
  7852 | D:8      | Found an ornate altar of the Wu Jian Council.
  7917 | D:8      | You fall into a shaft and drop 1 floor!
  7928 | D:9      | Reached skill level 5 in Invocations
  8283 | D:8      | Noticed a two-headed ogre
  8296 | D:8      | Killed a two-headed ogre
  8297 | D:8      | Reached XP level 10. HP: 17/80 MP: 15/17
  8605 | D:9      | Reached skill level 5 in Long Blades
  8605 | D:9      | Reached skill level 5 in Axes
  8605 | D:9      | Reached skill level 5 in Maces & Flails
  8605 | D:9      | Reached skill level 5 in Polearms
  8605 | D:9      | Reached skill level 5 in Staves
  8605 | D:9      | Reached skill level 5 in Slings
  8605 | D:9      | Reached skill level 5 in Bows
  8605 | D:9      | Reached skill level 5 in Crossbows
  8605 | D:9      | Reached skill level 5 in Throwing
  8605 | D:9      | Reached skill level 5 in Dodging
  8605 | D:9      | Reached skill level 5 in Stealth
  8605 | D:9      | Reached skill level 5 in Unarmed Combat
  8605 | D:9      | Reached skill level 5 in Spellcasting
  8605 | D:9      | Reached skill level 5 in Evocations
  8929 | D:9      | Found a glowing silver altar of Zin.
  8930 | D:9      | Noticed an angel
  9267 | D:9      | Noticed a deep elf pyromancer
  9279 | D:9      | Killed a deep elf pyromancer
  9588 | D:1      | Bought a scroll labelled YCOULO POIGEECS for 27 gold pieces
  9826 | D:9      | HP: 3/82 [ice devil (20)]
  9831 | D:9      | Slain by an ice devil

Illustrated notes

Levels and vault maps discovered:
D:1:      dpeg_arrival_ratfight, layout_loops_ring, serial_shops, shop,
          nicolae_shop_stone, nicolae_shop_competitors_out_of_business, shop,
          nicolae_diamond_shop, ebering_ecumenical_altar_webs
D:2:      layout_basic, basic_altar, item_on_display_a
D:3:      layout_loops_cross, grunt_qazlal_clouds, serial_co_window_serial,
          co_window_paths_a, co_window_paths_b, co_window_of_opportunity_a,
          co_window_of_opportunity_a, co_window_cross_1, co_window_paths_b,
          co_window_of_opportunity_b, co_window_2corner, co_window_cross_3,
          co_window_of_opportunity_c, co_window_cross_2, co_window_4corner_b,
          glass_columns_a, glass_columns_c, glass_columns_a, serial_bayou_pond_e
D:4:      layout_loops_ring, gup_sewer_entry_bowl
D:5:      kennysheep_spiral_hall, layout_rooms,
          grunt_dithmenos_smoke_and_mirrors, minmay_temple_entry_antechambers,
          hangedman_abyss_or_decor_stabs, uniq_sigmund, uniq_grinder,
          uniq_blork_the_orc
D:6:      layout_cave_pools, uniq_eustachio
D:7:      layout_loops_ring, serial_bayou, serial_bayou_pond_e,
          serial_bayou_lagoon_b, serial_bayou_pond_e, serial_bayou_pond_d,
          serial_bayou_shore_b, serial_bayou_ford_a
D:8:      layout_basic, lemuel_round_altar, gammafunk_temple_overflow_wave,
          kennysheep_path_1, fungi_pond_lemuel, uniq_maggie, uniq_maurice,
          uniq_grum
D:9:      layout_basic, zin_angel, nrook_mini_vaults,
          dilly_guarded_unrand_elemental_staff

Skill      XL: |  1  2  3  4  5  6  7  8  9 10 |
---------------+-------------------------------+-----
Invocations    | 1 2 3 4 5 |  5.7
Long Blades    | 1 2 3 4 5 |  5.2
Axes           | 1 2 3 4 5 |  5.2
Maces & Flails | 1 2 3 4 5 |  5.2
Polearms       | 1 2 3 4 5 |  5.2
Staves         | 1 2 3 4 5 |  5.2
Slings         | 1 2 3 4 5 |  5.2
Bows           | 1 2 3 4 5 |  5.2
Crossbows      | 1 2 3 4 5 |  5.2
Throwing       | 1 2 3 4 5 |  5.2
Dodging        | 1 2 3 4 5 |  5.2
Stealth        | 1 2 3 4 5 |  5.2
Unarmed Combat | 1 2 3 4 5 |  5.2
Spellcasting   | 1 2 3 4 5 |  5.2
Evocations     | 1 2 3 4 5 |  5.2
Conjurations   | 1 2 3 4 |  4.3
Hexes          | 1 2 3 4 |  4.3
Summonings     | 1 2 3 4 |  4.3
Necromancy     | 1 2 3 4 |  4.3
Translocations | 1 2 3 4 |  4.3
Transmutations | 1 2 3 4 |  4.3
Fire Magic     | 1 2 3 4 |  4.3
Ice Magic      | 1 2 3 4 |  4.3
Air Magic      | 1 2 3 4 |  4.3
Earth Magic    | 1 2 3 4 |  4.3
Poison Magic   | 1 2 3 4 |  4.3
Short Blades   | 5 6 7 |  7.0
Fighting       | 7 8 |  8.5
Armour         | 7 8 |  8.5
Shields        | 7 8 |  8.5

Action                   |  1- 3 |  4- 6 |  7- 9 | 10-12 || total
-------------------------+-------+-------+-------+-------++-------
Melee: Rapier            |    61 |       |    62 |       ||   123
       Bite              |     8 |    23 |    44 |     7 ||    82
       Dagger            |    31 |   156 |   177 |       ||   364
       Short sword       |       |       |    67 |    56 ||   123
       Staff             |       |       |       |     7 ||     7
Invok: Recite            |       |       |    13 |     4 ||    17
Evoke: Wand              |       |     1 |     3 |     3 ||     7
  Use: Scroll            |       |       |     9 |     7 ||    16
       Potion            |       |       |       |     2 ||     2
 Stab: Confused          |       |       |     4 |     1 ||     5
       Sleeping          |       |       |     2 |     1 ||     3
Armor: Scale mail        |    48 |    39 |    88 |       ||   175
       Swamp dragon scal |       |       |    19 |    19 ||    38
Dodge: Dodged            |    22 |    29 |   116 |    16 ||   183
Block: Kite shield       |    59 |    76 |   200 |    29 ||   364
